 Dungeon Crawl Stone Soup version 0.20.1-1-g8b1a95d (webtiles) character file.

280 Mitsuki the Skirmisher (level 6, 0/56 HPs)
             Began as a Hill Orc Fighter on Oct 8, 2017.
             Slain by an ice beast (7 damage)
             ... on level 3 of the Dungeon.
             The game lasted 00:02:21 (2049 turns).

Mitsuki the Skirmisher (Hill Orc Fighter)           Turns: 2049, Time: 00:02:21

Health: 0/56       AC:  7    Str: 21    XL:     6   Next: 27%
Magic:  6/6        EV:  7    Int:  8    God:
Gold:   108        SH:  9    Dex: 10    Spells: 5/5 levels left

rFire    . . .     SeeInvis .   a - +0 trident
rCold    . . .     Gourm    .   c - +0 shield
rNeg     . . .     Faith    .   b - +0 scale mail
rPois    .         Spirit   .   (no helmet)
rElec    .         Reflect  .   (no cloak)
rCorr    .         Harm     .   (no gloves)
MR       .....                  (no boots)
Stlth    ..........             (no amulet)
Regen    0.2/turn               (no ring)
MPRegen  0.1/turn               (no ring)

@: no status effects
A: no striking features
a: no special abilities


You were on level 3 of the Dungeon.
You were not hungry.

You visited 1 branch of the dungeon, and saw 3 of its levels.

You collected 108 gold pieces.

Inventory:

Hand Weapons
 a - a +0 trident (weapon)
Armour
 b - a +0 scale mail (worn)
 c - a +0 shield (worn)
Jewellery
 q - an uncursed ring of see invisible {unknown}
Scrolls
 d - a scroll of enchant armour {unknown}
 e - 3 scrolls of identify {unknown}
 k - 2 scrolls of remove curse {unknown}
 o - a scroll of noise {unknown}
Potions
 h - 3 potions of agility {unknown}
 i - a potion of flight {unknown}
 j - 2 potions of heal wounds
 l - a potion of mutation {unknown}
 r - a potion of degeneration {unknown}
 s - a potion of curing {unknown}
Comestibles
 f - 2 bread rations
 g - 9 chunks of flesh
 m - 2 fruits
 n - a meat ration
 p - a royal jelly


   Skills:
 + Level 5.0 Fighting
 + Level 4.0 Polearms
 + Level 4.6 Armour
 + Level 4.8 Shields


You had 5 spell levels left.
You didn't know any spells.

Dungeon Overview and Level Annotations

Branches:
Dungeon (3/15)

Altars:


Message History

You are too injured to fight recklessly!
You are too injured to fight recklessly!
You are too injured to fight recklessly!
You are too injured to fight recklessly!
You are too injured to fight recklessly!
You are too injured to fight recklessly!
You barely miss the ice beast.
The ice beast is heavily wounded.
The ice beast hits you but does no damage.
Your shield and scale mail prevent you from hitting the ice beast.
The ice beast is heavily wounded.
The ice beast hits you. The ice beast freezes you!
* * * LOW HITPOINT WARNING * * *
The ice beast hits you but does no damage.
You hit the ice beast.
The ice beast is heavily wounded.
The ice beast hits you.
* * * LOW HITPOINT WARNING * * *
The ice beast freezes you!
You die...

#.......#..
#.......#.#
#.......#.# #.....h
#.# #...... #.# #...h#
#.# #....# #.#
#....###.###### #
###...Y@......##.#####
######..............
######.##.#####
############.##.#
.......).)......#
############.#### #.#
#.# #.##########


You could see an ice beast.

Vanquished Creatures
  Grinder (D:3)
  An ooze (D:1)
  A worm (D:3)
  5 dart slugs
  7 orcs
  3 ball pythons (D:1)
  7 bats
  10 goblins
  9 hobgoblins
  5 jackals
  6 kobolds
  A quokka (D:2)
  2 frilled lizards (D:1)
  8 rats
66 creatures vanquished.

Vanquished Creatures (others)
  A bat (D:2)
1 creature vanquished.

Grand Total: 67 creatures vanquished

Notes
Turn   | Place    | Note
-------+----------+-------------------------------------------
     0 | D:1      | Mitsuki the Hill Orc Fighter began the quest for the Orb.
     0 | D:1      | Reached XP level 1. HP: 19/19 MP: 1/1
   111 | D:1      | Reached XP level 2. HP: 27/27 MP: 2/2
   348 | D:1      | Reached XP level 3. HP: 30/33 MP: 3/3
   714 | D:1      | Reached skill level 4 in Fighting
  1043 | D:2      | Reached XP level 4. HP: 40/40 MP: 4/4
  1303 | D:3      | Noticed Grinder
  1602 | D:3      | Paralysed by Grinder for 7 turns
  1620 | D:3      | Killed Grinder
  1620 | D:3      | Reached skill level 5 in Fighting
  1620 | D:3      | Reached XP level 5. HP: 28/48 MP: 5/5
  1620 | D:3      | Reached XP level 6. HP: 33/56 MP: 6/6
  2030 | D:3      | Noticed an ice beast
  2049 | D:3      | Slain by an ice beast

Skill      XL: |  1  2  3  4  5  6 |
---------------+-------------------+-----
Fighting       | 4 5 |  5.0
Polearms       | 3 4 |  4.0
Shields        | 4 |  4.8
Armour         | 4 |  4.6

Action                   |  1- 3 |  4- 6 || total
-------------------------+-------+-------++-------
Melee: Trident           |   134 |   120 ||   254
  Use: Potion            |       |     2 ||     2
  Eat: Chunk             |     1 |     3 ||     4
Armor: Scale mail        |    49 |    41 ||    90
Dodge: Dodged            |    29 |    26 ||    55
Block: Shield            |    63 |    54 ||   117
